 Seeded DCSS version 0.30-a0-122-g2a1322497e (webtiles) character file.

Game seed: 10213511164608113240 (custom seed)

1236 SigmundSlayer the Ducker (level 8, 37/37 HPs)
             Began as a Felid Summoner on Sept 15, 2022.
             Got out of the dungeon alive.
             The game lasted 00:19:04 (7948 turns).

SigmundSlayer the Ducker (Felid Summoner)           Turns: 7948, Time: 00:19:04

Health: 37/37      AC:  2    Str:  4    XL:     8   Next: 24%
Magic:  17/17      EV: 21    Int: 17    God:
Gold:   956        SH:  0    Dex: 16    Spells: 9/17 levels left
                                        Lives:  1   Deaths: 1

rFire   . . .      SeeInvis +    (weapon unavailable)
rCold   . . .      Faith    .    (shield unavailable)
rNeg    . . .      Spirit   .    (body armour unavailable)
rPois   +          Reflect  .    (helmet unavailable)
rElec   .          Harm     .    (cloak unavailable)
rCorr   .          Rampage  .    (gloves unavailable)
Will    +....                    (boots unavailable)
Stlth   ++........               (no amulet)
HPRegen 0.12/turn                e - ring of poison resistance
MPRegen 0.15/turn                (no ring)

@: quick
A: very small, claws 1, fangs 3, see invisible, speed 1, shaggy fur 2, stealthy
paws, no weapons or thrown items, no armour, multi-lived, dopey 1
a: no special abilities


You escaped.
You visited 1 branch of the dungeon, and saw 6 of its levels.

You collected 956 gold pieces.

Inventory:

Jewellery
 e - a ring of poison resistance (left paw)
Wands
 g - a wand of roots (3)
Scrolls
 a - 3 scrolls of teleportation
 c - 2 scrolls of fog
 f - a scroll of poison
 h - 2 scrolls of fear
 i - a scroll of magic mapping
Potions
 b - a potion of might {unknown}
 d - a potion of curing
 m - a potion of brilliance


   Skills:
 + Level 5.2 Fighting
 + Level 7.5 Dodging
 - Level 2.6 Stealth
 + Level 5.3 Spellcasting
 - Level 5.0 Hexes
 + Level 6.7 Summonings


You had 9 spell levels left.
You knew the following spells:

 Your Spells              Type           Power      Damage    Failure   Level
a - Summon Guardian Gole  Hex/Summ       24%        N/A       3%          3
b - Call Imp              Summ           27%        N/A       1%          2
c - Call Canine Familiar  Summ           27%        N/A       2%          3

Your spell library contained the following spells:

 Spells                   Type           Power      Damage    Failure   Level
 Summon Small Mammal      Summ           100%       N/A       1%          1
 Summon Ice Beast         Ice/Summ       16%        N/A       34%         4
 Summon Lightning Spire   Summ/Air       16%        N/A       34%         4
 Frozen Ramparts          Ice            8%         1d2       38%         3
 Ignite Poison            Fire/Tmut/Pois 4%         N/A       38%         3
 Ice Form                 Ice/Tmut       4%         N/A       80%         4
 Sticky Flame             Conj/Fire      4%         2d3       80%         4


Dungeon Overview and Level Annotations

Branches:
Dungeon (6/15)
 Temple: D:4-7

Altars:
Dithmenos
Ru
Trog

Shops:
D:6 [

Annotations:
D:3 1 runed translucent door


Innate Abilities, Weirdness & Mutations

You have sharp claws.
You have razor-sharp teeth.
You have supernaturally acute eyesight. (SInv)
You cover ground quickly. (Speed+)
You are covered in thick fur. (AC +2)
Your paws help you pounce on unaware monsters.
You are incapable of wielding weapons or throwing items.
You cannot wear armour.
You gain extra lives every three experience levels.
You are dopey. (Int -2)


Message History

Your hound bites the hound but does no damage.
The hound bites your hound.
Your hound bites the hound.
The hound barely misses your hound.
Your hound misses the hound. The hound bites your hound.
Your hound bites the hound.
The hound barely misses your hound.
Your hound closely misses the hound.
The hound closely misses your hound.
Your hound misses the hound. The hound misses your hound.
Your hound misses the hound. The hound barely misses your hound.
Your hound bites the hound.
The hound dies!
You swap places.
Your hound disappears in a puff of smoke!
Your guardian golem disappears in a puff of smoke!
Found Waet Huch's Antique Armour Shoppe.
Okay, then.
There is an entrance to Waet Huch's Antique Armour Shoppe here.
(D) Dungeon
Where to? (Enter - D:6 @ (x,y), ? - help)
What level of the Dungeon? (default 1, ? - help)
There is a stone staircase leading up here.
You climb upwards.
There is a stone staircase leading down here.
There is a stone staircase leading up here.
You climb upwards.
There is a stone staircase leading down here.
There is a stone staircase leading up here.
You climb upwards.
Level annotation: 1 runed translucent door
There is a stone staircase leading down here.
There is a stone staircase leading up here.
You climb upwards.
There is a stone staircase leading down here.
There is a stone staircase leading up here.
You climb upwards.
There is a stone staircase leading down here.
You see here a +0 spear.
There is a staircase leading out of the dungeon here.
Are you sure you want to leave the Dungeon?
This will make you lose the game!
You have escaped!

.###.##
#......####### #.#
.###.# ##.#.#.#####
#.# .....#
#..###....# #.#
..####
###.#.###.#### #.#
...#
#######....####.#
#..###
#...##.##....#.#
#....#
####.>.#####....#.#
#..#.#
#...............#.#
...#.#
#.@........##...#.#
##.#.#
#.............###.#
#.#.#
############### #.#
#.#.# #.##.# #.#
#.#.## ### #.##.#
#.# ##.#..###.#
#####.##.# #..
...#.#...##
#........# ###
#####..⌠.8#
#.######.#########
### #.⌠..#######.#
#.##.......


There were no monsters in sight!

Vanquished Creatures
  Dowan (D:4)
  A hound (D:4)
  An orc priest (D:5)
  2 adders
  A river rat (D:3)
  A dart slug (D:1)
  An endoplasm (D:1)
  2 goblins
  A hobgoblin (D:3)
  A ball python (D:3)
  A bat (D:2)
13 creatures vanquished.

Vanquished Creatures (collateral kills)
  The ghost of Newt the Trooper, an amateur DsGl of Uskayaw (D:3)
  A water moccasin (D:6)
  Duvessa (D:4)
  2 ogres
  A centaur (D:5)
  A phantom (D:5)
  A bullfrog (D:3)
  3 scorpions
  4 hounds
  2 orc priests
  A gnoll bouda (D:6)
  Crazy Yiuf (D:4)
  2 iguanas
  Ijyb (D:3)
  2 orc wizards
  15 gnolls
  7 adders
  5 dart slugs
  3 worms
  10 orcs
  A ball python (D:3)
  10 endoplasms
  4 giant cockroaches
  5 goblins
  4 hobgoblins
  3 jackals (D:3)
  A quokka (D:1)
  4 bats
  4 frilled lizards
  5 kobolds
  4 rats
109 creatures vanquished.

Vanquished Creatures (others)
  An ice beast (D:5)
  A gnoll (D:6)
  A fungus (D:4)
3 creatures vanquished.

Grand Total: 125 creatures vanquished

Notes
Turn   | Place    | Note
-------+----------+-------------------------------------------
     0 | D:1      | SigmundSlayer the Felid Summoner began the quest for the
                  | Orb.
     0 | D:1      | Reached XP level 1. HP: 7/7 MP: 4/4
   233 | D:1      | Reached skill level 3 in Dodging
   268 | D:1      | Reached XP level 2. HP: 12/12 MP: 6/6
   372 | D:1      | Learned a level 2 spell: Call Imp
   515 | D:1      | Found a faded altar of an unknown god.
   710 | D:1      | Reached skill level 1 in Fighting
  1005 | D:1      | Identified a scroll of acquirement
  1005 | D:1      | Acquired 747 gold pieces
  1010 | D:1      | Reached XP level 3. HP: 14/15 MP: 3/7
  1913 | D:2      | Learned a level 3 spell: Call Canine Familiar
  2569 | D:3      | Reached XP level 4. HP: 11/19 MP: 5/8
  2721 | D:3      | Identified the +2 mace of Pikh {drain, +Blink rC- Str+9}
  2726 | D:3      | Gained mutation: You are dopey. (Int -2) [potion of
                  | mutation]
  2959 | D:3      | Found a runed translucent door.
  2963 | D:3      | Noticed Newt's ghost (amateur DsGl)
  2963 | D:3      | Noticed a bullfrog
  2982 | D:3      | Killed a bullfrog
  2983 | D:3      | Reached skill level 4 in Dodging
  3074 | D:3      | Reached XP level 5. HP: 7/22 MP: 0/10
  3248 | D:3      | HP: 1/22 [Newt's ghost (10)]
  3492 | D:3      | Killed Newt's ghost
  3493 | D:3      | Reached skill level 5 in Summonings
  3493 | D:3      | Gained mutation: You are covered in thick fur. (AC +2)
                  | [Felid growth]
  3493 | D:3      | Reached XP level 6. HP: 21/27 MP: 4/12
  3645 | D:3      | Noticed Ijyb
  3672 | D:3      | HP: 1/27 [constriction (3)]
  3719 | D:3      | Killed Ijyb
  3807 | D:3      | Reached skill level 5 in Dodging
  4411 | D:3      | Learned a level 3 spell: Summon Guardian Golem
  4489 | D:3      | Found a runed translucent door.
  4777 | D:4      | Found a runed translucent door.
  4778 | D:4      | Noticed Crazy Yiuf
  4794 | D:4      | Killed Crazy Yiuf
  4795 | D:4      | Reached skill level 1 in Hexes
  4915 | D:4      | Reached XP level 7. HP: 28/31 MP: 8/13
  5472 | D:4      | Noticed Duvessa
  5652 | D:4      | Killed Duvessa
  5653 | D:4      | Reached skill level 6 in Dodging
  5693 | D:4      | Noticed Dowan
  5708 | D:4      | Killed Dowan
  6071 | D:5      | Entered Level 5 of the Dungeon
  6152 | D:5      | Reached XP level 8. HP: 36/36 MP: 10/15
  6339 | D:5      | Killed from afar by an orc priest
  6340 | D:5      | Reached XP level 7. HP: -7/33 MP: 9/15
  6837 | D:5      | Reached skill level 7 in Dodging
  6837 | D:5      | Reached skill level 5 in Spellcasting
  6908 | D:5      | Reached skill level 5 in Hexes
  7100 | D:5      | Identified the +0 leather armour "Xumiuryarot" {rF+ rN+}
  7156 | D:5      | Found a bloodstained altar of Trog.
  7163 | D:5      | Found a sacrificial altar of Ru.
  7354 | D:6      | Reached skill level 5 in Fighting
  7354 | D:6      | Reached XP level 8. HP: 14/37 MP: 13/16
  7719 | D:6      | Found a shadowy altar of Dithmenos.
  7824 | D:6      | Found Waet Huch's Antique Armour Shoppe.
  7948 | D:$      | Got out of the dungeon alive.

Illustrated notes

Levels and vault maps discovered:
D:1:      amcnicky_arrival_blooded_trapdoor, layout_loops_ring,
          shapermc_ecumenical_altar_venn
D:2:      layout_loops_ring
D:3:      layout_loops_ring, ebering_ghost_sewer_f, st_stairs_14, minmay_cupped,
          uniq_ijyb
D:4:      layout_basic, uniq_duvessa, uniq_crazy_yiuf_cottage
D:5:      nicolae_cairo_tiling_large, layout_basic,
          amethyst_overflow_temple_binary
D:6:      layout_cave_pods, mainiacjoe_overflow_alcove_2, serial_shops,
          nicolae_shop_crystal, uniq_edmund

Skill      XL: |  1  2  3  4  5  6  7  8 |
---------------+-------------------------+-----
Dodging        | 3 4 5 7 |  7.5
Fighting       | 1 2 3 5 |  5.2
Spellcasting   | 3 5 |  5.3
Summonings     | 5 6 |  6.7
Hexes          | 1 5 4 |  5.0
Stealth        | |  2.6

Action                   |  1- 3 |  4- 6 |  7- 9 || total
-------------------------+-------+-------+-------++-------
Melee: Unarmed           |    13 |    31 |    31 ||    75
       Bite              |       |     6 |     1 ||     7
 Cast: Summon Small Mamm |    52 |     5 |       ||    57
       Call Imp          |    27 |    21 |    27 ||    75
       Call Canine Famil |       |    33 |    35 ||    68
       Summon Guardian G |       |       |     6 ||     6
  Use: Scroll            |     2 |    13 |     2 ||    17
       Potion            |       |     7 |     1 ||     8
 Stab: Distracted        |       |       |     1 ||     1
Armor: Skin              |     6 |     4 |     1 ||    11
Dodge: Dodged            |    34 |    55 |    51 ||   140

Table legend: (Time is in decaauts)
 A = Elapsed time spent in this place.
 B = Non-inter-level travel time spent in this place.
 C = Inter-level travel time spent in this place.
 D = Time resting spent in this place.
 E = Time spent auto-exploring this place.
 F = Levels seen in this place.
 G = Mean time per level.
                   A        B        C        D        E       F      G
               +--------+--------+--------+--------+--------+-----+--------+
         Total |   7228 |   7048 |    180 |   1742 |   3306 |   6 | 1204.7 |
       Dungeon |   7228 |   7048 |    180 |   1742 |   3306 |   6 | 1204.7 |
               +--------+--------+--------+--------+--------+-----+--------+

Top non-repeatable levels by time:
     D:3: 2072 daAuts
     D:4: 1380 daAuts
     D:1: 1141 daAuts
     D:5: 1108 daAuts
     D:2: 1010 daAuts
     D:6: 515 daAuts
